 Dungeon Crawl Stone Soup version 0.26.0-10-g1f06aea511 (webtiles) character file.

Game seed: 18264959937960440322

43 Borgoz the Slasher (level 3, -3/30 HPs)
             Began as a Ghoul Gladiator on Jan 18, 2021.
             Slain by a gnoll (6 damage)
             ... on level 2 of the Dungeon.
             The game lasted 00:01:12 (831 turns).

Borgoz the Slasher (Ghoul Gladiator)                 Turns: 831, Time: 00:01:13

Health: -3/30      AC:  7    Str: 17    XL:     3   Next: 58%
Magic:  2/2        EV: 10    Int:  3    God:
Gold:   137        SH:  0    Dex: 11    Spells: 2/2 levels left

rFire    . . .     SeeInvis .   a - +0 long sword
rCold    + . .     Faith    .   (no shield)
rNeg     + + +     Spirit   .   f - +0 scale mail
rPois    ∞         Reflect  .   c - +0 helmet
rElec    .         Harm     .   (no cloak)
rCorr    .         Rampage  .   (no gloves)
Will     .....     Rnd*Tele +   (no boots)
Stlth    ..........             (no amulet)
HPRegen  0.00/turn              b - ring of wizardry (curse)
MPRegen  0.08/turn              o - ring of teleportation (curse)

@: no status effects
A: claws 1, cold resistance 1, negative energy resistance 3, inhibited
regeneration, torment resistance, unbreathing
a: no special abilities


You were on level 2 of the Dungeon.
You visited 1 branch of the dungeon, and saw 2 of its levels.

You collected 137 gold pieces.

Inventory:

Hand Weapons
 a - a +0 long sword (weapon)
Missiles
 d - 3 throwing nets (quivered)
Armour
 c - a +0 helmet (worn)
 f - a +0 scale mail (worn)
Jewellery
 b - a cursed ring of wizardry (left claw)
 o - a cursed ring of teleportation (right claw)
Potions
 e - 2 potions of flight {unknown}
 g - a potion of brilliance {unknown}
 m - a potion of curing {unknown}
 n - a potion of might {unknown}


   Skills:
 + Level 2.7 Fighting
 * Level 3.2 Long Blades
 - Level 1.7 Throwing
 * Level 1.4 Armour
 + Level 2.9 Dodging


You had 2 spell levels left.
You didn't know any spells.
Your spell library was empty.

Dungeon Overview and Level Annotations

Branches:
Dungeon (2/15)

Altars:


Innate Abilities, Weirdness & Mutations

You thrive by killing the living.
You are immune to poison.
You have sharp fingernails.
Your flesh is cold resistant. (rC+)
You are immune to negative energy. (rN+++)
You do not regenerate when monsters are visible.
You are immune to unholy pain and torment.
You can survive without breathing.


Message History

The gnoll hits you.
You barely miss the gnoll.
The gnoll is heavily wounded.
The gnoll hits you but does no damage. The gnoll hits you.
The gnoll barely misses you.
You riposte.
You hit the gnoll but do no damage. You slash the gnoll!
You kill the gnoll!
You feel better. The gnoll hits you. x2
You are too injured to fight recklessly!
You are too injured to fight recklessly!
The gnoll hits you but does no damage. The gnoll hits you.
* * * LOW HITPOINT WARNING * * *
Things that are here:
a +0 whip; a gnoll corpse You are too injured to fight recklessly!
You hit the gnoll but do no damage. The gnoll barely misses you.
The gnoll hits you.
* * * LOW HITPOINT WARNING * * *
The gnoll hits you.
You die...

#.........#
#.!.......# ###
#.........# #<#
#.........# #.#
#.........# #.#
#.........# #.#
###.........#
#.#
....[.g@g...#
#.#
###.........#
#.# #.........#
#.# #........†#
#.#
#.........####.#
#######'#...##.#
#.#...##.#
#.+...'..#
###...####


You could see 2 gnolls.

Vanquished Creatures
  A gnoll (D:2)
  An adder (D:2)
  2 dart slugs (D:1)
  A goblin (D:1)
  3 hobgoblins (D:1)
  4 jackals (D:1)
  A kobold (D:1)
  5 bats (D:1)
  A frilled lizard (D:1)
  3 rats
22 creatures vanquished.

Notes
Turn   | Place    | Note
-------+----------+-------------------------------------------
     0 | D:1      | Borgoz the Ghoul Gladiator began the quest for the Orb.
     0 | D:1      | Reached XP level 1. HP: 17/17 MP: 0/0
   129 | D:1      | Reached XP level 2. HP: 20/24 MP: 1/1
   328 | D:1      | Reached skill level 3 in Long Blades
   395 | D:1      | Reached skill level 1 in Armour
   738 | D:1      | Reached XP level 3. HP: 29/30 MP: 2/2
   831 | D:2      | Slain by a gnoll

Illustrated notes

Levels and vault maps discovered:
D:1:      eino_arrival_water_star, layout_loops_ring
D:2:      layout_basic, kennysheep_slug_shrine, lightli_temple_of_fire,
          serial_bayou_crossing, uniq_jessica

Skill      XL: |  1  2 |
---------------+-------+-----
Long Blades    | 3 |  3.2
Armour         | 1 |  1.4
Fighting       | |  2.7
Throwing       | |  1.7
Dodging        | |  2.9

Action                   || total
-------------------------++-------
Melee: Long sword        ||    53
  Use: Scroll            ||     3
Armor: Scale mail        ||    39
       Leather armour    ||     3
Dodge: Dodged            ||    28
       Rpst.: Long sword ||    11
